Map: Backwater LE

Players

Borderline - Winner!

  • Race: Protoss Protoss
  • League: Silver
  • Spawn Location: 11:00

fruitcake

  • Race: Protoss Protoss
  • Spawn Location: 5:00

VOD

Have the link to the VOD?

Description

Time

  • Played on: May 9, 2018, 8:29 p.m.
  • Length: 5:58
Show
View Real Time Build Order
Export as new Build Order

Borderline Protoss - Winner!

Build Orders: Dark Templar Rush 

Get SALT Encoding   

  12  0:01  Probe  
  13  0:13  Probe  
  14  0:25  Probe  
  15  0:33  Pylon  
  15  0:42  Assimilator  
  15  0:45  Assimilator  
  15  0:53  Gateway  
  15  1:00  Probe  
  16  1:08  Probe  
  16  1:18  Probe  
  17  1:23  Pylon  
  18  1:30  Probe  
  19  1:41  Probe  
  19  1:43  Cybernetics Core  
  20  1:49  Probe  
  21  1:57  Probe  
  22  2:02  Gateway  
  22  2:08  Probe  
  23  2:32  Adept  
  23  2:33  Probe  
  26  2:38  Warp Gate  
  26  2:43  Twilight Council  
  26  2:46  Pylon  
  26  2:52  Robotics Facility  
  26  3:01  Pylon  
  26  3:03  Resonating Glaives  
  26  3:06  Adept  
  26  3:09  Adept  
  30  3:33  Adept  
  32  3:39  Warp Prism  
  34  3:47  Pylon  
  34  3:53  Dark Shrine  
  34  4:00  Pylon  
  34  4:02  Probe  
  35  4:12  Gateway  
  35  4:14  Gateway, Probe  
  36  4:39  Probe  
  37  5:24  Nexus  
  37  5:31  Dark Templar x2  
  37  5:32  Dark Templar x2  
Show
View Real Time Build Order
Export as new Build Order

fruitcake Protoss 

Build Orders:  

Get SALT Encoding   

  1  0:00  Probe  
  12  0:05  Probe  
  14  0:17  Pylon  
  14  0:24  Assimilator  
  14  0:27  Probe  
  15  0:39  Gateway  
  15  0:43  Probe  
  16  0:50  Assimilator  
  16  0:55  Probe  
  17  1:05  Pylon  
  17  1:09  Probe  
  17  1:17  Probe  
  18  1:23  Gateway  
  19  1:27  Forge, Probe  
  20  1:33  Zealot  
  22  1:44  Probe  
  23  1:56  Gateway  
  23  2:06  Zealot  
  23  2:07  Cybernetics Core  
  25  2:24  Warp Gate  
  25  2:33  Zealot  
  27  2:40  Pylon  
  27  2:47  Stalker  
  29  3:07  Nexus  
  29  3:17  Stalker  
  31  3:24  Stalker  
  33  3:30  Protoss Ground Weapons Level 1  
  33  3:37  Twilight Council  
  33  3:50  Stalker  
  35  3:57  Stalker  
  37  4:09  Photon Cannon  
  37  4:12  Probe  
  38  4:30  Probe  
  39  4:32  Templar Archives  
  39  4:35  Probe  
  40  4:42  Probe  
  40  4:43  Probe  
  42  4:54  Probe  
  43  5:00  Pylon  
  43  5:03  Robotics Facility  
  43  5:17  Probe x2  
  43  5:21  Assimilator  
  45  5:24  Assimilator  
  45  5:29  High Templar, Probe  
Tags
 
Add a new tag
Caveats
  • Supply blocks, unpowered buildings, or Contaminate may cause inaccurate times.
  • Supply counts are checked every 10 seconds.